 Dungeon Crawl Stone Soup version 0.27.1 (webtiles) character file.

Game seed: 6600183300740912316

289 ZARRMARR the Thaumaturge (level 6, -11/45 HPs)
             Began as a Ghoul Ice Elementalist on Aug 25, 2021.
             Mangled by Crazy Yiuf (14 damage)
             ... on level 2 of the Dungeon.
             The game lasted 00:08:57 (2793 turns).

ZARRMARR the Thaumaturge (Ghoul Ice Elementalist)   Turns: 2793, Time: 00:08:58

Health: -11/45     AC:  5    Str: 12    XL:     6   Next: 31%
Magic:  8/19       EV: 12    Int: 12    God:
Gold:   82         SH:  0    Dex:  9    Spells: 26/27 levels left

rFire    . . .     SeeInvis .   (no weapon)
rCold    + . .     Faith    .   (no shield)
rNeg     + + +     Spirit   .   a - +0 robe
rPois    ∞         Reflect  .   i - +2 hat
rElec    .         Harm     .   (no cloak)
rCorr    .         Rampage  .   (no gloves)
Will     .....                  k - +0 pair of boots
Stlth    ++........             e - amulet of regeneration
HPRegen  0.00/turn              (no ring)
MPRegen  0.16/turn              (no ring)

@: very slightly contaminated, inhibited regen, invisible
A: claws 1, cold resistance 1, negative energy resistance 3, inhibited
regeneration, torment resistance 2
a: no special abilities


You were on level 2 of the Dungeon.
You visited 1 branch of the dungeon, and saw 2 of its levels.

You collected 82 gold pieces.

Inventory:

Armour
 a - a +0 robe (worn)
 i - a +2 hat (worn)
 k - a +0 pair of boots (worn)
Jewellery
 e - an amulet of regeneration (around neck)
Wands
 j - a wand of polymorph (8)
Scrolls
 b - a scroll of amnesia
 c - a scroll of enchant weapon
 d - a scroll of vulnerability {unknown}
 g - a scroll of enchant armour {unknown}
Potions
 h - a potion of resistance {unknown}
 l - a potion of heal wounds {unknown}


   Skills:
 - Level 1.7 Dodging
 - Level 2.1 Stealth
 + Level 11.0 Spellcasting
 - Level 4.3 Ice Magic


You had 26 spell levels left.
You knew the following spells:

 Your Spells              Type           Power      Damage    Failure   Level
a - Freeze                Ice            68%        1d8       1%          1

Your spell library contained the following spells:

 Spells                   Type           Power      Damage    Failure   Level
 Frozen Ramparts          Ice            34%        1d5       5%          3
 Ozocubu's Armour         Ice            17%        N/A       5%          3
 Conjure Flame            Conj/Fire      6%         6-21      32%         3
 Ignite Poison            Fire/Tmut/Pois 6%         N/A       32%         3
 Hailstorm                Conj/Ice       11%        3d5       41%         4
 Sticky Flame             Conj/Fire      6%         2d3       71%         4


Dungeon Overview and Level Annotations

Branches:
Dungeon (2/15)

Altars:

Annotations:
D:2 Crazy Yiuf


Innate Abilities, Weirdness & Mutations

You thrive by killing the living.
You are immune to poison.
You have sharp fingernails.
Your flesh is cold resistant. (rC+)
You are immune to negative energy. (rN+++)
You do not regenerate when monsters are visible.
You are immune to unholy pain and torment.


Message History

You are very lightly contaminated with residual magic.
Nothing appears to happen.
Crazy Yiuf hits you with a +3 quarterstaff of chaos!
You fade into invisibility!
Casting: Freeze (safe; 3% risk of failure)
Confirm with . or Enter, or press ? or * to list all spells.
Aiming: Freeze (safe; 3% risk of failure)
Press: ? - help, Shift-Dir - straight line, f/p - Crazy Yiuf
Aim: Crazy Yiuf, wielding a +3 quarterstaff of chaos and wearing a +0 cloak (lightly wounded)
You freeze Crazy Yiuf.
Crazy Yiuf is moderately wounded.
Crazy Yiuf misses you.
You scratch Crazy Yiuf but do no damage.
Crazy Yiuf is moderately wounded.
Crazy Yiuf barely misses you.
You closely miss Crazy Yiuf.
Crazy Yiuf is moderately wounded.
Crazy Yiuf misses you.
You scratch Crazy Yiuf.
Crazy Yiuf is moderately wounded.
Crazy Yiuf hits you with a +3 quarterstaff of chaos.
You closely miss Crazy Yiuf.
Crazy Yiuf is moderately wounded.
Crazy Yiuf laughs, "Goldfish chair green!"
Crazy Yiuf hits you but does no damage.
You scratch Crazy Yiuf.
Crazy Yiuf is heavily wounded.
Crazy Yiuf hits you with a +3 quarterstaff of chaos!
* * * LOW HITPOINT WARNING * * *
Crazy Yiuf burns you!
* * * LOW HITPOINT WARNING * * *
It was a potion of experience.
You feel more experienced!
Your Spellcasting skill gained 7 levels and is now at level 11!
You have reached level 6!
Your experience leads to an increase in your attributes!
Increase (S)trength, (I)ntelligence, or (D)exterity?
You feel clever.
Crazy Yiuf hits you with a +3 quarterstaff of chaos!
You die...

.## ##.......##.....##.##.##....
..####.........####.....##.##....
...............'.................
.........####################.##.
.####.#..# #.##. ....#.##.#
♣♣♣♣♣### #.##. .##.#.#### ###
♣♣♣.♣....## #.... .##.#.#
#...#♣..♣..P...######. ......#
#...g@♣♣♣♣......#####. ###.###
#)..#♣♣ ♣♣P.......... #†# ###
♣♣#####.###. #.###### #.###.
#......# #..... #.....## ###
###### #.....# #.# #.....######.#
#............#


You could see Crazy Yiuf.

Vanquished Creatures
  Natasha (thrice) (D:2)
  An adder (D:2)
  A worm (D:2)
  A dart slug (D:2)
  9 endoplasms
  3 giant cockroaches
  5 goblins
  3 hobgoblins
  5 jackals (D:1)
  A quokka (D:1)
  3 ball pythons (D:1)
  5 bats
  4 frilled lizards
  11 kobolds
  6 rats
61 creatures vanquished.

Vanquished Creatures (others)
  A fungus (D:2)
1 creature vanquished.

Grand Total: 62 creatures vanquished

Notes
Turn   | Place    | Note
-------+----------+-------------------------------------------
     0 | D:1      | ZARRMARR the Ghoul Ice Elementalist began the quest for the
                  | Orb.
     0 | D:1      | Reached XP level 1. HP: 14/14 MP: 2/2
    52 | D:1      | Reached skill level 2 in Spellcasting
   225 | D:1      | Reached XP level 2. HP: 20/20 MP: 0/4
   607 | D:1      | Reached XP level 3. HP: 23/26 MP: 0/6
   733 | D:1      | Reached skill level 3 in Spellcasting
  1749 | D:2      | Reached XP level 4. HP: 31/33 MP: 5/8
  1843 | D:2      | Noticed Natasha
  1853 | D:2      | Killed Natasha
  1945 | D:2      | Found a faded altar of an unknown god.
  2172 | D:2      | Reached skill level 4 in Spellcasting
  2245 | D:2      | Found a runed translucent door.
  2246 | D:2      | Noticed Crazy Yiuf
  2292 | D:2      | Noticed Natasha
  2298 | D:2      | Killed Natasha
  2299 | D:2      | Reached XP level 5. HP: 34/38 MP: 5/10
  2352 | D:2      | Noticed Natasha
  2360 | D:2      | Killed Natasha
  2793 | D:2      | Reached skill level 11 in Spellcasting
  2793 | D:2      | Reached XP level 6. HP: 3/45 MP: 7/19
  2793 | D:2      | Mangled by Crazy Yiuf

Illustrated notes

Levels and vault maps discovered:
D:1:      heliophobic_arrival_enchanted_forest, layout_loops_ring,
          supply_closet_lemuel
D:2:      layout_loops_corners, dreamdust_ecumenical_altar_hidden_monk_grotto,
          uniq_crazy_yiuf_cottage, uniq_natasha

Skill      XL: |  1  2  3  4  5 |
---------------+----------------+-----
Spellcasting   | 2 3 4 11 | 11.0
Dodging        | |  1.7
Stealth        | |  2.1
Ice Magic      | |  4.3

Action                   |  1- 3 |  4- 6 || total
-------------------------+-------+-------++-------
Melee: Unarmed           |    56 |    22 ||    78
 Cast: Freeze            |    59 |    38 ||    97
  Use: Scroll            |     3 |     1 ||     4
       Potion            |       |     1 ||     1
 Stab: Sleeping          |     6 |     2 ||     8
Armor: Robe              |    25 |     7 ||    32
Dodge: Dodged            |    52 |    14 ||    66
